 Dungeon Crawl Stone Soup version 0.22-a0-815-gb582571 (webtiles) character file.

110 iamserjio the Chiller (level 4, -1/30 HPs)
             Began as a Barachi Ice Elementalist on July 23, 2018.
             Slain by an orc
             ... wielding a +0 flail
              (11 damage)
             ... on level 3 of the Dungeon.
             The game lasted 00:07:43 (966 turns).

iamserjio the Chiller (Barachi Ice Elementalist)     Turns: 966, Time: 00:07:44

Health: -1/30      AC:  2    Str: 10    XL:     4   Next: 91%
Magic:  9/16       EV: 12    Int: 16    God:
Gold:   189        SH:  0    Dex: 12    Spells: 0/7 levels left

rFire    . . .     SeeInvis .   i - +0 short sword
rCold    . . .     Gourm    .   (no shield)
rNeg     . . .     Faith    .   a - +0 robe
rPois    .         Spirit   .   (no helmet)
rElec    .         Reflect  .   (no cloak)
rCorr    .         Harm     .   (no gloves)
MR       .....                  (no boots)
Stlth    ++........             (no amulet)
HPRegen  0.10/turn              e - ring of magical power
MPRegen  0.15/turn              (no ring)

@: can't hop, slow
A: +LOS, swims, slowness 1, strong legs 1
a: Hop


You were on level 3 of the Dungeon.
You were not hungry.

You visited 1 branch of the dungeon, and saw 3 of its levels.

You collected 189 gold pieces.

Inventory:

Hand Weapons
 g - a +0 club
 i - a +0 short sword (weapon)
 r - a +0 long sword
Missiles
 b - 49 arrows
Armour
 a - a +0 robe (worn)
 h - a +0 leather armour
Jewellery
 e - a ring of magical power (left hand)
Scrolls
 d - a scroll of magic mapping {unknown}
 f - a scroll of fear {unknown}
 k - 2 scrolls of remove curse {unknown}
 l - 3 scrolls of teleportation {unknown}
 n - 4 scrolls of identify {unknown}
 p - a scroll of immolation {unknown}
 q - a scroll of amnesia {unknown}
Potions
 j - 2 potions of might {unknown}
 m - a potion of degeneration {unknown}
 o - a potion of flight {unknown}
Comestibles
 c - 11 rations
 s - 3 chunks of flesh


   Skills:
 - Level 2.1 Dodging
 - Level 1.7 Stealth
 - Level 2.1 Spellcasting
 - Level 1.1 Conjurations
 * Level 2.4 Summonings
 - Level 6.0 Ice Magic


You couldn't memorise any spells.
You knew the following spells:

 Your Spells              Type           Power        Failure   Level  Hunger
a - Freeze                Ice            ###.         1%          1    #......
b - Throw Frost           Conj/Ice       ##....       7%          2    ###....
c - Summon Ice Beast      Ice/Summ       ###.....     36%         4    #####..

Your spell library contained the following spells:

 Spells                   Type           Power        Failure   Level  Hunger
 Ozocubu's Armour         Chrm/Ice       ##......     19%         3    ###....
 Throw Icicle             Conj/Ice       ##......     43%         4    #####..


Dungeon Overview and Level Annotations

Branches:
Dungeon (3/15)

Altars:
Nemelex Xobeh
Qazlal
Xom

Annotations:
D:2 Sigmund


Innate Abilities, Weirdness & Mutations

Shadows flee at your approach. (+LOS)
You can swim through water.
You cover ground slowly.
You can hop short distances.


Message History

2 orcs and an orc priest come into view.
The rat barely misses you.
Casting: Freeze (safe; 1% risk of failure)
Confirm with . or Enter, or press ? or * to list all spells.
Aiming: Freeze (safe; 1% risk of failure)
Press: ? - help, Shift-Dir - straight line, f - rat
Aim: a rat You freeze the rat.
You kill the rat!
The orc shouts!
The orc priest shouts!
The orc shouts!
An orc comes into view.
Hop to where?
Press: ? - help, Dir - move target cursor Boing!
An orc comes into view. It is wielding a mace.
An orc, an orc priest and an orc wizard come into view.
The orc priest is wielding a mace of draining.
The orc wizard shouts!
The orc priest shouts!
The orc shouts!
You hear a shout!
The orc hits you with a flail!
You die...

##...### ..o.....
#oo..... #..o....
#<...... #.......
#### #.†..... #...##
#....... #@##
##.....>.
#.oo#.#######........
#.o.#......oo....####
#..o#.#######...##
####.## #...## ..#
###....##
##########.......#
#....†.†.#.....##
#.....###.........##


You could see an orc priest, an orc wizard and 2 orcs.

Vanquished Creatures
  An orc priest (D:3)
  An adder (D:2)
  A worm (D:3)
  A dart slug (D:1)
  A leopard gecko (D:1)
  2 orcs (D:3)
  4 giant cockroaches
  9 goblins
  5 hobgoblins
  10 jackals
  6 kobolds
  2 quokkas (D:2)
  5 bats
  3 frilled lizards
  7 rats
58 creatures vanquished.

Notes
Turn   | Place    | Note
-------+----------+-------------------------------------------
     0 | D:1      | iamserjio the Barachi Ice Elementalist began the quest for the Orb.
     0 | D:1      | Reached XP level 1. HP: 13/13 MP: 3/3
    65 | D:1      | Reached skill level 4 in Ice Magic
   110 | D:1      | Reached XP level 2. HP: 7/19 MP: 5/5
   284 | D:1      | Reached skill level 5 in Ice Magic
   284 | D:1      | Reached XP level 3. HP: 9/24 MP: 6/6
   414 | D:2      | Noticed Sigmund
   449 | D:2      | Learned a level 2 spell: Throw Frost
   635 | D:2      | Reached XP level 4. HP: 26/30 MP: 7/7
   643 | D:2      | Learned a level 4 spell: Summon Ice Beast
   722 | D:2      | Found a sparkling altar of Nemelex Xobeh.
   773 | D:3      | Reached skill level 1 in Summonings
   776 | D:3      | Reached skill level 6 in Ice Magic
   808 | D:3      | Found a shimmering altar of Xom.
   809 | D:3      | Found a stormy altar of Qazlal.
   966 | D:3      | Slain by an orc

Vault maps used:
D:1:      saegor_arrival_simple_a
D:2:      lemuel_doored_altar, serial_bayou, serial_bayou_pond_a,
          serial_bayou_crossing, serial_bayou_pond_a, serial_bayou_pond_a,
          first_ration, uniq_sigmund
D:3:      good_gods_mini_temple, yredelemnul_forgotten_temple_becter,
          nicolae_overflow_hidden_temple

Skill      XL: |  1  2  3  4 |
---------------+-------------+-----
Ice Magic      | 4 5 6 |  6.0
Summonings     | 2 |  2.4
Dodging        | |  2.1
Stealth        | |  1.7
Spellcasting   | |  2.1
Conjurations   | |  1.1

Action                   |  1- 3 |  4- 6 || total
-------------------------+-------+-------++-------
Melee: Unarmed           |    10 |       ||    10
       Club              |     3 |       ||     3
       Short sword       |       |     1 ||     1
 Cast: Freeze            |    58 |    34 ||    92
       Throw Frost       |       |     4 ||     4
 Abil: Hop               |     1 |     1 ||     2
  Eat: Chunk             |       |     2 ||     2
Armor: Robe              |    20 |     2 ||    22
Dodge: Dodged            |    44 |    17 ||    61

Table legend:
 A = Spawn XP
 B = Non-spawn XP
 C = Spawn XP percentage of total XP
 D = Spawn monster count
 E = Non-spawn monster count
 F = Spawn count percentage of total count
 G = Total turns spent on level
                    A         B        C        D         E        F      G
               +---------+---------+-------+---------+---------+-------+---------
         Total |       0 |     158 |   0.0 |       0 |      58 |   0.0 |   966
               +---------+---------+-------+---------+---------+-------+---------
           D:1 |       0 |      45 |   0.0 |       0 |      24 |   0.0 |   400
           D:2 |       0 |      40 |   0.0 |       0 |      16 |   0.0 |   334
           D:3 |       0 |      73 |   0.0 |       0 |      18 |   0.0 |   232
               +---------+---------+-------+---------+---------+-------+---------
